 Dungeon Crawl Stone Soup version 0.30-a0-576-g89cddaab80 (webtiles) character file.

Game seed: 16434205625339480958

71 ragingrage the Charlatan (level 4, 0/33 HPs)
             Began as a Demonspawn Artificer on Dec 30, 2022.
             Was a Follower of Uskayaw.
             Slain by an orc
             ... wielding a +0 club
              (4 damage)
             ... on level 3 of the Dungeon.
             The game lasted 00:02:27 (1910 turns).

ragingrage the Charlatan (Demonspawn Artificer)     Turns: 1910, Time: 00:02:28

Health: 0/33       AC:  3    Str:  9 (12) XL:     4   Next: 5%
Magic:  4/4        EV: 11    Int:  9 (12) God:    Uskayaw [*.....]
Gold:   54         SH:  0    Dex: 13 (16) Spells: 3/3 levels left

rFire   . . .      SeeInvis .    g - +0 dagger
rCold   . . .      Faith    .    (no shield)
rNeg    . . .      Spirit   .    b - +0 leather armour
rPois   .          Reflect  .    (helmet restricted)
rElec   .          Harm     .    (no cloak)
rCorr   .          Rampage  .    (no gloves)
Will    .....                    (no boots)
Stlth   ++                       n - amulet of the acrobat
HPRegen 0.25/turn                (no ring)
MPRegen 0.09/turn                (no ring)

@: hasted, very quick
A: horns 1, demonic guardian 1
a: Renounce Religion, Stomp


You were on level 3 of the Dungeon.
You worshipped Uskayaw.
Uskayaw was noncommittal.
You visited 1 branch of the dungeon, and saw 3 of its levels.

You collected 54 gold pieces.

Inventory:

Hand Weapons
 g - a +0 dagger (weapon)
Armour
 b - a +0 leather armour (worn)
Jewellery
 m - a ring of ice
 n - an amulet of the acrobat (around neck)
Wands
 c - a wand of flame (12) (quivered)
 d - a wand of charming (13)
 e - a wand of iceblast (5)
Scrolls
 a - 3 scrolls of identify {unknown}
 h - 4 scrolls of teleportation {unknown}
 k - a scroll of vulnerability {unknown}
 l - a scroll of magic mapping {unknown}
 o - a scroll of immolation {unknown}
 p - a scroll of amnesia {unknown}
Potions
 f - a potion of ambrosia {unknown}
 i - a potion of degeneration


   Skills:
 + Level 2.1 Fighting
 + Level 0.2 Short Blades
 - Level 1.8 Armour
 - Level 1.0 Dodging
 + Level 1.9 Stealth
 + Level 3.9 Evocations


You had 3 spell levels left.
You didn't know any spells.
Your spell library was empty.

Dungeon Overview and Level Annotations

Branches:
Dungeon (3/15)

Altars:
Uskayaw

Annotations:
D:1 exclusion: downstairs
D:2 Terence


Innate Abilities, Weirdness & Mutations

You have a pair of small horns on your head.
A weak demonic guardian rushes to your aid.


Message History

The orc dies!
The orc hits you with a +0 club.
A demonic guardian appears!
Something closely misses your orc.
Your orc barely misses something.
You see here a +0 hand axe.
You hit the orc.
The orc is lightly wounded.
The orc hits you with a +0 club.
Your orc barely misses the orc.
You hit the orc but do no damage.
The orc is lightly wounded.
The orc hits your orc with a +0 trident.
Your orc dies!
The orc hits you but does no damage.
You barely miss the orc.
The orc is lightly wounded.
A nearby fungus withers and dies.
You hit the orc but do no damage.
The orc is lightly wounded.
The orc hits you with a +0 club.
You hit the orc but do no damage.
The orc is lightly wounded.
The orc hits you with a +0 club. The orc hits you but does no damage.
You hit the orc but do no damage.
The orc is lightly wounded.
The orc completely misses you.
The orc hits you from afar with a +0 trident.
You closely miss the orc.
The orc is lightly wounded.
The orc hits you with a +0 club.
The orc hits you from afar with a +0 trident!
* * * LOW HITPOINT WARNING * * *
It was a potion of degeneration.
There was something very wrong with that liquid.
You feel weakened.
You feel dopey.
You feel clumsy. The orc hits you with a +0 club.
* * * LOW HITPOINT WARNING * * *
The orc misses you.
It was a potion of haste.
You feel yourself speed up. The orc hits you with a +0 club.
You die...

# ....# #.# #.#. #.#.# #.# ....
.P.. #.# ###.###.### #.#
#.P.P_....# #.# ###.###.###
..##.# ... #.......o.# ###.##.#
...#.#.#.#.#.# ....#.##.#
..#.......o@#...###.#.#.##.#
#.###.###P###...#...#.#.##.. #
#.#.....5...#...#.#.#.#.####
#.#...............#.#.#.#.####
#..........<#..#..#...........
#.####..#######..#.^#.#.#.#.####
#................#..#.....#.#
#######.#######.#(......###.#
#.....................#


You could see 2 orcs and a friendly white imp (summoned).

Vanquished Creatures
  A gnoll (D:2)
  2 adders
  A worm (D:2)
  A dart slug (D:1)
  2 endoplasms (D:1)
  A giant cockroach (D:1)
  4 goblins
  5 hobgoblins
  A quokka (D:1)
  4 ball pythons
  A bat (D:1)
  A frilled lizard (D:2)
  A kobold (D:1)
  2 rats
27 creatures vanquished.

Vanquished Creatures (collateral kills)
  A gnoll (D:2)
  An orc (D:3)
2 creatures vanquished.

Vanquished Creatures (others)
  A gnoll (D:2)
  An orc (D:3)
  3 fungi (D:3)
  2 plants (D:3)
7 creatures vanquished.

Grand Total: 36 creatures vanquished

Notes
Turn   | Place    | Note
-------+----------+-------------------------------------------
     0 | D:1      | ragingrage the Demonspawn Artificer began the quest for the
                  | Orb.
     0 | D:1      | Reached XP level 1. HP: 15/15 MP: 1/1
    55 | D:1      | Reached skill level 1 in Dodging
    55 | D:1      | Reached skill level 1 in Stealth
   251 | D:1      | Gained mutation: You have a pair of small horns on your
                  | head. [demonic ancestry]
   251 | D:1      | Reached XP level 2. HP: 20/21 MP: 2/2
   898 | D:2      | Noticed Terence
   971 | D:2      | Reached XP level 3. HP: 20/26 MP: 3/3
  1104 | D:2      | Found a hide-covered altar of Uskayaw.
  1368 | D:2      | Became a worshipper of Uskayaw the Reveller
  1801 | D:3      | Found a faded altar of an unknown god.
  1803 | D:3      | Reached * piety under Uskayaw
  1816 | D:3      | Gained mutation: A weak demonic guardian rushes to your
                  | aid. [demonic ancestry]
  1816 | D:3      | Reached XP level 4. HP: 5/33 MP: 4/4
  1910 | D:3      | Slain by an orc

Illustrated notes

Levels and vault maps discovered:
D:1:      lightli_arrival_statue_moat, layout_basic, roderic_lattice_a,
          st_stairs_13
D:2:      layout_rooms, basic_altar, uniq_terence
D:3:      gammafunk_wand_slinger, layout_basic,
          shapermc_ecumenical_altar_mp_urbaneastern, feat_on_display,
          uniq_natasha

Skill      XL: |  1  2  3 |
---------------+----------+-----
Dodging        | 1 |  1.0
Stealth        | 1 |  1.9
Fighting       | 2 |  2.1
Short Blades   | |  0.2
Armour         | |  1.8
Evocations     | |  3.9

Action                   |  1- 3 |  4- 6 || total
-------------------------+-------+-------++-------
Melee: Club              |    13 |       ||    13
       Dagger            |    94 |     8 ||   102
       Headbutt          |    19 |       ||    19
Evoke: Wand              |     4 |     1 ||     5
  Use: Potion            |       |     2 ||     2
 Stab: Sleeping          |     2 |       ||     2
Armor: Leather armour    |    16 |     2 ||    18
Dodge: Dodged            |    54 |     5 ||    59

Table legend: (Time is in decaauts)
 A = Elapsed time spent in this place.
 B = Non-inter-level travel time spent in this place.
 C = Inter-level travel time spent in this place.
 D = Time resting spent in this place.
 E = Time spent auto-exploring this place.
 F = Levels seen in this place.
 G = Mean time per level.
                   A        B        C        D        E       F      G
               +--------+--------+--------+--------+--------+-----+--------+
         Total |   1915 |   1736 |    179 |    249 |   1122 |   3 |  638.3 |
       Dungeon |   1915 |   1736 |    179 |    249 |   1122 |   3 |  638.3 |
               +--------+--------+--------+--------+--------+-----+--------+

Top non-repeatable levels by time:
     D:1: 963 daAuts
     D:2: 728 daAuts
     D:3: 223 daAuts
